Cogmind - Beta 11.1 @@@ ROGUE MODE // 2022.06.06 @ 03:13:56 Player: Ruxi Result: Destroyed by 8R-AWN with 8R-AWN's Boregun Performance ------------- Evolutions (1) 500 Regions Visited (5) 1000 Robots Destroyed (115) 575 Value Destroyed (2802) 2802 Prototype IDs (27) 540 Alien Tech Used (0) 0 Bonus (360) 360 TOTAL SCORE: 5777 Bonus ------- High Alert Combat Kills 908 Aligned with FarCom 300 Friendly Fire -848 Cogmind --------- Core Integrity 0/400 Matter 0/300 Energy 290/290 System Corruption 5% Temperature Cool (0) Movement Walking (170) Ox1 Location -9/Exiles Parts ------- > --- POWER (1) -------- Improved Deuterium Engine > --- PROPULSION (2) --- Potential Leg Potential Leg > --- UTILITY (4) ------ High-capacity Storage Unit Hardened Light Armor Plating Improved Light Armor Plating High-powered Tractor Beam > --- WEAPON (2) ------- Heavy Assault Rifle > --- INVENTORY (20) --- Reinforced Ion Engine Light Nuclear Core Improved Treads Improved Treads Disposable Heat Sink Large Battery (200) Medium Matter Pod (100) Large Matter Pod (150) Large Matter Pod (150) Shock Absorption System AS-neutralizer No. 17b Rocket Launcher Rocket Launcher Chainsword Great Axe Peak State ------------ > --- POWER ------------ Improved Deuterium Engine > --- PROPULSION ------- Potential Leg Potential Leg > --- UTILITY ---------- High-capacity Storage Unit Core Shielding Hardened Medium Armor Plating Shield Generator > --- WEAPON ----------- Rocket Launcher Rocket Launcher > --- INVENTORY -------- Reinforced Ion Engine Light Nuclear Core Improved Treads Improved Treads Disposable Heat Sink Large Battery Medium Matter Pod Large Matter Pod Large Matter Pod Hardened Light Armor Plating Improved Light Armor Plating Shock Absorption System High-powered Tractor Beam Heavy Assault Rifle Heavy Assault Rifle Improved Light Cannon Improved Light Cannon Improved Light Cannon [Rating: 38] Favorites ----------- Power Improved Ion Engine Engine Improved Ion Engine Propulsion Improved Treads Treads Improved Treads Leg Potential Leg Wheel Armored Wheel Utility High-capacity Storage Unit Device High-powered Tractor Beam Storage High-capacity Storage Unit Protection Hardened Medium Armor Plating Weapon Light Cannon Energy Gun EM Pulse Gun Energy Cannon EM Pulse Cannon Ballistic Gun Light Assault Rifle Ballistic Cannon Light Cannon Launcher Shock Bomb Launcher Special Weapon Mining Laser Slashing Weapon Mining Claw Build | -11 -10 -10 -9 -9 -9 ------- Run | Scr Mat Min Mat Min Exi Slots Evolved 2 | . . . 2 . . Power . | . . . . . . Propulsion . | . . . . . . Utility 2 | . . . 2 . . Weapon . | . . . . . . Parts Attached 140 | . 28 5 87 4 16 Power 12 | . 3 1 7 1 . Engine 12 | . 3 1 7 1 . Core . | . . . . . . Reactor . | . . . . . . Propulsion 27 | . 7 1 16 . 3 Treads 13 | . 4 . 8 . 1 Leg 3 | . 1 . . . 2 Wheel 11 | . 2 1 8 . . Hover . | . . . . . . Flight . | . . . . . . Utility 56 | . 6 2 40 2 6 Device 30 | . 2 2 20 2 4 Storage 4 | . 4 . . . . Processor . | . . . . . . Hackware . | . . . . . . Protection 22 | . . . 20 . 2 Artifact . | . . . . . . Weapon 45 | . 12 1 24 1 7 Energy Gun 6 | . 3 . 3 . . Energy Cannon 2 | . . . 1 1 . Ballistic Gun 4 | . 2 . . . 2 Ballistic Cannon 15 | . 2 1 9 . 3 Launcher 15 | . 2 . 11 . 2 Special Weapon 2 | . 2 . . . . Impact Weapon . | . . . . . . Slashing Weapon 1 | . 1 . . . . Piercing Weapon . | . . . . . . Special Melee Weapon . | . . . . . . Unidentified Prototypes 2 | . . . 2 . . Parts Lost 10 | . . . 3 . 7 Power . | . . . . . . Propulsion . | . . . . . . Utility 5 | . . . 2 . 3 Weapon 5 | . . . 1 . 4 Highest Loss Streak 4 | . . . 2 . 4 To Critical Strikes 4 | . . . 1 . 3 Average Slot Usage (%) 96 | . 99 100 99 100 79 Engine 11 | . 14 14 10 11 11 Treads 16 | . 21 . 16 22 14 Leg 2 | . 4 . . . 7 Wheel 5 | . 1 28 4 . . Device 13 | . 13 14 14 11 10 Storage 11 | . 14 14 11 11 11 Protection 14 | . . . 18 22 22 Energy Gun 3 | . 12 4 1 . . Energy Cannon 1 | . . . . 9 . Ballistic Cannon 9 | . 6 23 14 1 . Launcher 4 | . 4 . 5 11 . Naked Turns . | . . . . . . Heaviest Build 77 | 11 51 52 77 74 73 Greatest Support 60 | 20 40 24 52 46 60 Greatest Overweight (x) 5 | . 2 2 5 1 1 Average Overweight (x) 1 | . . 2 1 1 1 Largest Inventory Capacity 20 | . 20 20 20 20 20 Average Capacity 19 | . 15 20 20 20 20 Most Carried 20 | . 20 20 20 20 20 Average Carried 17 | . 12 19 18 19 17 Final Capacity 20 | 8 20 20 20 20 20 Final Carried 20 | 6 20 20 16 20 15 Class Distribution -------------------- 100% | Mutant Dominant Class ---------------- Mutant | -10/Materials Mutant | -10/Mines Mutant | -9/Materials Mutant | -9/Mines Mutant | -9/Exiles Resources | -11 -10 -10 -9 -9 -9 ----------- Run | Scr Mat Min Mat Min Exi Matter Collected 3408 | 175 331 328 1996 93 485 Remotely 2496 | . 306 328 1782 . 80 Salvage Created 3681 | . 347 171 2971 184 8 Parts 236 | . 32 17 177 10 . Haulers Intercepted 7 | . 2 . 5 . . Recyclers Shooed 2 | . 1 . 1 . . Parts Field Recycled . | . . . . . . Retrieved Matter . | . . . . . . Parts Self-Destructed . | . . . . . . Prevented . | . . . . . . Kills | -11 -10 -10 -9 -9 -9 ------- Run | Scr Mat Min Mat Min Exi Combat Hostiles Destroyed 89 | . 9 11 61 6 2 Guns 2 | . . 2 . . . Cannons 42 | . 3 9 28 1 1 AOE 40 | . 6 . 29 4 1 Classes Destroyed 15 | . 5 3 7 . . Worker 7 | . . . 7 . . Builder 7 | . 1 1 5 . . Tunneler 2 | . . . 2 . . Hauler 7 | . 2 . 5 . . Recycler 5 | . 1 1 3 . . Operator 1 | . . . 1 . . Watcher 8 | . 3 . 5 . . Swarmer 22 | . 9 6 3 4 . Grunt 41 | . . 2 38 1 . Brawler 4 | . . . 3 1 . Duelist 4 | . . . 4 . . Protector 4 | . . . 4 . . Sentry 9 | . . . 9 . . Demolisher 2 | . . 2 . . . Assembled 8 | . . 1 . . 7 Best Kill Streak 10 | . 4 3 10 6 2 Combat Bots Only 8 | . 3 3 8 6 2 Max Kills in Single Turn 5 | . 3 1 4 1 5 Gunslinging . | . . . . . . Exploded 2 | . 2 . 2 1 1 Melee . | . . . . . . Uniques/NPCs Destroyed . | . . . . . . Combat | -11 -10 -10 -9 -9 -9 -------- Run | Scr Mat Min Mat Min Exi Damage Taken 4454 | . 178 340 2408 120 1408 Core 472 | . 14 51 202 . 205 Absorbed by Shields 507 | . . 29 363 . 115 Redirected to Shielding 43 | . . . 14 . 29 Regen/Repaired (Parts) 23 | . . . 23 . . Core Remaining (%) 87 | 100 . 74 . . . Volleys Fired 310 | . 39 30 191 11 39 Largest 2 | . 2 2 2 1 2 Hottest 98 | . 75 75 98 63 66 Shots Fired 440 | . 49 55 250 13 73 Gun 84 | . 35 8 5 . 36 Cannon 271 | . 5 47 182 4 33 Launcher 85 | . 9 . 63 9 4 Special . | . . . . . . Kinetic 305 | . 11 47 178 . 69 Thermal 5 | . . . 5 . . Explosive 19 | . 9 . 6 . 4 Electromagnetic 111 | . 29 8 61 13 . Robot Hit Streak 14 | . 5 7 14 3 9 Robot Miss Streak 7 | . 5 5 7 3 3 Penetration Max . | . . . . . . Secondary Targets . | . . . . . . Shots Hit Robots 257 | . 22 29 151 3 52 Core Hits 180 | . 18 16 115 7 24 Critical Kills . | . . . . . . Critical Parts Destroyed . | . . . . . . Critical Strikes 9 | . . . 8 . 1 Blast 8 | . . . 7 . 1 Corrupt 1 | . . . 1 . . Melee Attacks 4 | . 4 . . . . Impact . | . . . . . . Slashing 4 | . 4 . . . . Piercing . | . . . . . . Sneak Attacks . | . . . . . . Combat Hostiles . | . . . . . . Follow-up Attacks . | . . . . . . Damage Inflicted 9400 | . 720 553 6387 353 1387 Guns 670 | . 248 32 46 . 344 Cannons 3866 | . 72 516 2638 73 567 Explosions 4802 | . 400 . 3686 280 436 Melee . | . . . . . . Ramming 62 | . . 5 17 . 40 Kinetic 4063 | . 88 516 2548 . 911 Thermal 797 | . . . 797 . . Explosive 1134 | . 400 . 298 . 436 Electromagnetic 3344 | . 232 32 2727 353 . Impact . | . . . . . . Slashing . | . . . . . . Piercing . | . . . . . . Highest Corruption 5 | . . . 4 5 5 Average Corruption 2 | . . . 1 4 5 Corruption Purged . | . . . . . . Corruption Blocked . | . . . . . . Effects 126 | . . . 35 37 54 Message Errors 30 | . . . 6 12 12 Matter Fused 36 | . . . 10 9 17 Heat Flow Errors 15 | . . . 3 4 8 Energy Discharges 18 | . . . 6 4 8 Parts Rejected 1 | . . . 1 . . Data Loss (minor) 14 | . . . 4 4 6 Data Loss (major) 7 | . . . 3 1 3 Misfires 2 | . . . . 2 . Alerts 2 | . . . 1 1 . Weapon Failures 1 | . . . 1 . . Overload Shots . | . . . . . . Overflow Damage 310 | . 48 7 255 . . Projectiles 41 | . . 7 34 . . Explosions 269 | . 48 . 221 . . Melee . | . . . . . . Knockbacks 34 | . . 2 20 . 12 Impact . | . . . . . . Kinetic 34 | . . 2 20 . 12 Secondary . | . . . . . . Self-Inflicted Damage 169 | . 20 2 126 21 . Shots 15 | . 2 . 12 1 . Rammed 2 | . . 1 1 . . Targets Rammed 10 | . . 1 1 . 8 Kicked 8 | . . . . . 8 Crushed . | . . . . . . Highest Temperature 289 | . 40 98 289 199 277 Average Temperature 76 | . 13 26 83 63 91 Received Heat Transfer 976 | . . 73 903 . . Effects 1 | . . . . . 1 Energy Bleed 1 | . . . . . 1 Siege Activations . | . . . . . . Robots Corrupted 6 | . 1 . 4 1 . Combat Hostiles 5 | . . . 4 1 . Parts Fried 12 | . 2 . 8 2 . Impact Corruptions . | . . . . . . Robots Melted . | . . . . . . Combat Hostiles . | . . . . . . Parts Melted 2 | . . . 2 . . Heat Transferred 1053 | . . . 1053 . . Parts Sabotaged . | . . . . . . Parts Stolen . | . . . . . . Parts Stripped . | . . . . . . Power Chain Reactions 14 | . . . 14 . . Missiles Intercepted . | . . . . . . Alert | -11 -10 -10 -9 -9 -9 ------- Run | Scr Mat Min Mat Min Exi Peak Influence 1608 | . 192 200 1608 627 . Initial 627 | . . . 33 627 . Average 388 | . 32 38 573 525 . Maximum Alert Level 5 | . . 1 5 2 . Low Security (%) 48 | . 100 94 30 . . Level 1 8 | . . 5 12 6 . Level 2 24 | . . . 19 93 . Level 3 8 | . . . 16 . . Level 4 9 | . . . 19 . . Level 5 . | . . . 1 . . High Security . | . . . . . . Max Security . | . . . . . . Sterilizations 1 | . . . 1 . . Squads Dispatched 10 | . . . 9 1 . Investigation 2 | . . . 1 1 . Extermination . | . . . . . . Reinforcement 1 | . . . 1 . . Assault 7 | . . . 7 . . Garrison . | . . . . . . Intercept . | . . . . . . Searches Triggered . | . . . . . . Construction Impeded . | . . . . . . Haulers Reinforced . | . . . . . . Active Scanning Responses . | . . . . . . Cargo Convoy Interrupts . | . . . . . . Stealth | -11 -10 -10 -9 -9 -9 --------- Run | Scr Mat Min Mat Min Exi Distress Signals 6 | . . 2 4 . . Communications Jammed . | . . . . . . Distress Signals . | . . . . . . Times Spotted 134 | . 15 16 94 6 3 Peak Tracking Total 7 | . 4 4 7 4 4 Tactical Retreats 14 | . . 4 9 1 . Traps | -11 -10 -10 -9 -9 -9 ------- Run | Scr Mat Min Mat Min Exi Traps Triggered 4 | . 1 . 3 . . Indirectly . | . . . . . . Trap Hack Attempts . | . . . . . . Triggered . | . . . . . . Disarmed . | . . . . . . Reprogrammed . | . . . . . . Reused . | . . . . . . Traps Extracted . | . . . . . . Installed . | . . . . . . Triggered . | . . . . . . Machines | -11 -10 -10 -9 -9 -9 ---------- Run | Scr Mat Min Mat Min Exi Machines Disabled 17 | . 2 1 8 3 3 Max in Single Turn 4 | . 1 1 4 3 2 Machines Sabotaged . | . . . . . . Garrisons Compromised . | . . . . . . Overloaded Fab Kills . | . . . . . . Hacking | -11 -10 -10 -9 -9 -9 --------- Run | Scr Mat Min Mat Min Exi Machines Accessed 23 | . 9 . 12 1 1 Terminals 15 | . 7 . 8 . . Fabricators . | . . . . . . Repair Stations 1 | . . . 1 . . Recycling Units 4 | . 2 . 2 . . Scanalyzers 1 | . . . 1 . . Garrison Access . | . . . . . . Total Hacks 65 | . 29 . 34 1 1 Successful 35 | . 17 . 16 1 1 Failed 30 | . 12 . 18 . . Catastrophic 4 | . 2 . 2 . . Database Lockouts . | . . . . . . Manual 52 | . 26 . 25 . 1 Terminals 49 | . 25 . 24 . . Fabricators . | . . . . . . Repair Stations 3 | . . . 3 . . Recycling Units 8 | . 4 . 4 . . Scanalyzers 3 | . . . 3 . . Garrison Access . | . . . . . . Terminal Hacks 11 | . 6 . 3 1 1 Prototype ID Bank 1 | . 1 . . . . Open Door 1 | . . . . 1 . Branch Access Points 2 | . 1 . 1 . . Terminal Index 1 | . 1 . . . . Unreport Threat 5 | . 3 . 2 . . EX-Prototype ID Bank 1 | . . . . . 1 Fabricator Hacks . | . . . . . . Repair Station Hacks 2 | . . . 2 . . Scan Component 1 | . . . 1 . . Repair 1 | . . . 1 . . Recycling Unit Hacks . | . . . . . . Scanalyzer 2 | . . . 2 . . Insert Component 1 | . . . 1 . . Analyze 1 | . . . 1 . . Garrison Access Hacks . | . . . . . . Unauthorized Hacks 20 | . 11 . 9 . . Terminals 13 | . 8 . 5 . . Assimilate 4 | . 3 . 1 . . Botnet 7 | . 4 . 3 . . Operators 2 | . 1 . 1 . . Fabricators . | . . . . . . Repair Stations . | . . . . . . Recycling Units 7 | . 3 . 4 . . Monitor 1 | . . . 1 . . Reject 1 | . 1 . . . . Recyclers 2 | . 1 . 1 . . Mask 3 | . 1 . 2 . . Scanalyzers . | . . . . . . Garrison Access . | . . . . . . Data Cores Recovered . | . . . . . . Used . | . . . . . . Hacking Detections 19 | . 7 . 12 . . Full Trace Events 2 | . . . 2 . . Feedback Events 1 | . . . 1 . . Corruption 1 | . . . 1 . . Feedback Blocked . | . . . . . . Robot Schematics Acquired . | . . . . . . Robots Built . | . . . . . . Authchips . | . . . . . . Time . | . . . . . . Total Robot Build Rating . | . . . . . . Part Schematics Acquired 1 | . . . 1 . . Parts Built . | . . . . . . Authchips . | . . . . . . Time . | . . . . . . Total Part Build Rating . | . . . . . . Parts Repaired 1 | . . . 1 . . Time 32 | . . . 32 . . Parts Recycled . | . . . . . . Recycled Matter . | . . . . . . Retrieved Matter . | . . . . . . Retrieved Components . | . . . . . . Parts Scanalyzed 1 | . . . 1 . . Part Schematics Acquired 1 | . . . 1 . . Parts Damaged . | . . . . . . Bothacking | -11 -10 -10 -9 -9 -9 ------------ Run | Scr Mat Min Mat Min Exi Used RIF Installer . | . . . . . . Robots Hacked . | . . . . . . Non-combat . | . . . . . . Combat . | . . . . . . Robot Hacks Applied . | . . . . . . Relay Couplers Released . | . . . . . . Fabnet Peak Effective % . | . . . . . . Robots Rewired . | . . . . . . Allies Hacked . | . . . . . . Hacks Repelled . | . . . . . . Allies | -11 -10 -10 -9 -9 -9 -------- Run | Scr Mat Min Mat Min Exi Total Allies 1 | . 1 . . . . Largest Group 1 | . 1 1 1 . . Highest-Rated Group 10 | . 10 10 10 . . Highest-Rated Ally 10 | . 10 10 10 . . Total Orders 8 | . 2 2 4 . . STAY 6 | . 1 1 4 . . FOLLOW 2 | . 1 1 . . . Ally Attacks . | . . . . . . Total Damage . | . . . . . . Kills . | . . . . . . Allies Corrupted . | . . . . . . Allies Melted . | . . . . . . Intel | -11 -10 -10 -9 -9 -9 ------- Run | Scr Mat Min Mat Min Exi Robot Analysis Total . | . . . . . . Derelict Logs Recovered 4 | . . 1 . 3 . Drone Launches . | . . . . . . Drone Recoveries . | . . . . . . Exploration | -11 -10 -10 -9 -9 -9 ------------- Run | Scr Mat Min Mat Min Exi Turns Passed 10750 | . 1845 1059 4609 1287 1950 Spaces Moved 4952 | 1 1028 622 1939 519 843 Core . | . . . . . . Treads 3112 | . 771 . 1292 519 530 Legs 469 | 1 155 . . . 313 Wheels 1371 | . 102 622 647 . . Hover . | . . . . . . Flight . | . . . . . . Fastest Speed 120 | 120 120 120 120 240 125 Average Speed 187 | 120 157 120 199 240 211 Slowest Speed 240 | 120 240 120 240 240 240 Overloaded Moves 39 | . . . . . 39 Propulsion Burnouts . | . . . . . . Robots Hopped . | . . . . . . Cave-ins Triggered . | . . . . . . Exploration Rate (%) 75 | 1 96 99 90 98 69 Regions Visited 5 Branch Regions 3 Pre-discovered Areas 1 | . . . . 1 . Known Exits Taken 3 | . 1 1 1 . . Unknown Exits Taken 2 | 1 . . . 1 . Scrap Searched 2 | . . 1 . 1 . Spaces Dug 2 | . 2 . . . . Terrain Destroyed 231 | . 63 . 140 . 28 Melee 2 | . 2 . . . . Projectile 6 | . . . 3 . 3 AOE 223 | . 61 . 137 . 25 Terrain Rammed . | . . . . . . Walls Destroyed . | . . . . . . Machines Disabled . | . . . . . . Actions | -11 -10 -10 -9 -9 -9 --------- Run | Scr Mat Min Mat Min Exi Total 5965 | . 1195 877 2410 552 931 Wait 378 | . 47 219 104 8 . Move 4947 | . 1027 621 1938 518 843 Hop . | . . . . . . Pick Up 89 | . 30 . 40 7 12 Fast Attach 12 | . 5 . 7 . . Attach 18 | . 1 . 9 . 8 Detach 4 | . . . 2 . 2 Swap 110 | . 22 5 71 4 8 Drop 83 | . 20 1 47 4 11 Fire 310 | . 39 30 191 11 39 Melee 4 | . 4 . . . . Ram 1 | . . 1 . . . Kick 8 | . . . . . 8 Crush 1 | . . . 1 . . Escape Stasis . | . . . . . . Rewire . | . . . . . . Trap . | . . . . . . Miscellaneous . | . . . . . . Route ------- -11/Scrapyard -10/Materials (discovered 5 exits: *Mat x3 / *Min x2) -10/Mines (discovered 2 exits: *Mat x2) -9/Materials (discovered 4 exits: [*Mat x2] / *Min x2) -9/Mines (discovered 3 exits: [*Mat x2] / *Exi) -9/Exiles (discovered 1 exit: [*Min]) History --------- Turn | Location | Event 1 | -11/Scrapyard | Discovered new exit (range 0) 1 | -11/Scrapyard | Entered Materials 34 | -10/Materials | Discovered new exit (range 16) 314 | -10/Materials | Discovered new exit (range 13) 318 | -10/Materials | Build established: Mutant 553 | -10/Materials | Discovered new exit (range 3) 706 | -10/Materials | Discovered new exit (range 11) 839 | -10/Materials | Discovered new exit (range 12) 1415 | -10/Materials | Identified exit to Mines 1846 | -10/Materials | Entered Mines 1846 | -10/Mines | Accompanied by 1 ally 2027 | -10/Mines | Assembled infested the area 2032 | -10/Mines | Assisted by a Guerilla fighting off Assembled 2152 | -10/Mines | Discovered new exit (range 8) 2521 | -10/Mines | Identified exit to Materials 2905 | -10/Mines | Entered Materials 2905 | -9/Materials | Accompanied by 1 ally 2905 | -9/Materials | Evolved 2 slots: Utility x2 3265 | -9/Materials | Discovered new exit (range 6) 4845 | -9/Materials | Discovered new exit (range 16) 4990 | -9/Materials | Discovered new exit (range 12) 5287 | -9/Materials | Discovered new exit (range 16) 5305 | -9/Materials | First assault squad dispatched 5411 | -9/Materials | Destroyed 8 combat bots 6424 | -9/Materials | Identified exit to Mines 7122 | -9/Materials | Repaired Hpw. Tractor Beam? 7349 | -9/Materials | Sterilization system engaged 7349 | -9/Materials | Non-combat units ordered to evacuate 7431 | -9/Materials | Core integrity fell below 50% 7449 | -9/Materials | Combat units ordered to evacuate 7514 | -9/Materials | Entered Mines 7548 | -9/Mines | Learned Materials garrison access intel 7604 | -9/Mines | Met a Derelict shopkeep closing up shop 7819 | -9/Mines | Discovered new exit (range 10) 7864 | -9/Mines | Learned Materials emergency access door positions 7996 | -9/Mines | Discovered new exit (range 8) 8146 | -9/Mines | Received a Rocket Launcher from a helpful Derelict 8520 | -9/Mines | Learned location of Storage (-7) 8789 | -9/Mines | Deemed a non-threat by the Exiles lab entrance 8791 | -9/Mines | Discovered new exit (range 5) 8801 | -9/Mines | Entered Exiles 8837 | -9/Exiles | Discovered new exit (range 15) 8916 | -9/Exiles | Met 8R-AWN 8950 | -9/Exiles | Met EX-HEX 9684 | -9/Exiles | Met EX-DEC 9960 | -9/Exiles | Met EX-BIN 10000 | -9/Exiles | Aligned with FarCom system 10003 | -9/Exiles | Given EX-Vault access code 10063 | -9/Exiles | Opened EX-Vault 10082 | -9/Exiles | Found Potential Leg 10085 | -9/Exiles | Found Potential Leg 10125 | -9/Exiles | Warned to stay clear of 0b10 Research branches 10523 | -9/Exiles | Attacked by the Exiles 10604 | -9/Exiles | Found Prototype Device 10620 | -9/Exiles | Lost 4 parts (2u2w) 10667 | -9/Exiles | Core integrity fell below 20% 10751 | -9/Exiles | Destroyed by 8R-AWN with 8R-AWN's Boregun Last Messages --------------- 10683_ HV Slug penetrates Earth. 10687_ HV Slug penetrates Wall. 10687_ Penetrated by HV Slug. 10687_ HV Slug penetrates Wall. 10691_ Penetrated by HV Slug. 10691_ HV Slug penetrates Wall. 10691_ Machine disabled. 10695_ Penetrated by HV Slug. 10695_ HV Slug penetrates Machine. 10695_ Machine disabled. 10695_ Penetrated by HV Slug. 10695_ Critical hit (Destroy). 10700_ HV Slug penetrates Wall. 10700_ HV Slug penetrates Machine. 10716_ Rigged Rnf. Deuterium Engine explodes. 10720_ Penetrated by HV Slug. 10730_ R2FY9ZHS,HOSG>&UK0O99HM9A:Q% 10741_ Acquired Great Axe. 10745_ Acquired Chainsword. 10751_ Penetrated by HV Slug. Map ----- +----------------------------------------------------+ | ???????????????????????????????????????????? | | ???????????????????????????????????????????? | | ???????????????????????????????????????????? | | ???????????????????????????????????????????? | | ???????????????????????????????????????????? | | ???????????????????????????????????????????? | | ???????????????????????????????????????????? | | ???????????????????????????????????????????? | | ???????????????????????????????????????????? | | ???????????????????????????????????????????? | | ???????????????????????????????????????????? | | ???????????????????????????????????????????? | | ???????????????????????????????????????????? | | ???????????????????????????????????????????? | | ???????????????????????????????????????????? | | ???????????????????????????????????????????? | | ???????????????????????????????????????????? | | ???????????????????????####????????????????? | | ??????????????????????## #????????????????? | | ?????????????????????## #????????????????? | | ?????????????????????# < #????????????????? | | ?????????????????????# #????????????????? | | ?????????????????????# ! #????????????????? | | ????????????????????##[!!##????????????????? | | ???????????????????## ] ##????????????????? | | ???????????????????# @#????????????????? | | #####??????????????# #????????????????? | | " "#?????????????## #????????????????? | | #?????????????## # #????????????????? | | ##????????????# ###????????????????? | | ###????????### ##??????????????????? | | ########## #???????????????????? | | #""""## g ##???????????????????? | | * ##???????????????????? | | ## #???????????????????? | | ### ##??????????????????? | | ?#"""""#""" ###????????????????? | | ?####### ##""# * ###??????????????? | | ???????##?######## ##?????????????? | | ?????????????????### #?????????????? | | ???????????????????### #?????????????? | | ?????????????????????### #?????????????? | | ??????????????????????#" ##????????????? | | ??????????????????????#### ###??????????? | | ?????????????????????????# ##?????????? | | ?????????????????????????## ###???????? | | ??????????????????????????### #???????? | | ????????????????????????????# ##???????? | | ????????????????????????????## ##????????? | | ?????????????????????????????#####?????????? | +----------------------------------------------------+ Best States ------------- Heat Dissipation 28 Coolant Potential 50 Energy Generation 16 Energy Capacity 290 Matter Stores 300 Matter Capacity 300 Sight Range 16 Terrain Scan Density 10 Additional Mass Support 6 Armor Coverage 450 Resistance: EX 25 Core Shielding 20 Evasion (%) 55 Recoil Reduction 2 Item Schematics ----------------- Weight Redist. System | -9/Materials | Scanalyzed Robot Schematics ------------------ None Fabricated ------------ Nothing Alien Tech Used ----------------- None Achievements -------------- None Challenges ------------ None Game ------ Seed AbsorptionTrapCharger Manual? 0 Play Time 02:07:04 Cumulative 110.3 hours Start 2022.06.06 @ 01:03:48 End 2022.06.06 @ 03:13:56 Sessions 1 Manual Loads 0 Difficulty Rogue Special Mode None Game No. 73 Rogue 71 Adventurer 0 Explorer 2 Win Type - Total 0 Types 0/0/0/0/0/0/0/0/0 Lore% 26 Gallery% 37 Achievement% 30 Wizard Run 0 Options --------- ASCII 0 Keyboard 0 Movement Numpad Keybinds 0 Fullscreen 1 Font 18/SmallcapsGlow Map View 76x50 Tactical HUD 1 Map Filters NONE Filters NONE Steam 1 RUN: a3e599cb-309c-406c-898b-6480409a90e3